 Dungeon Crawl Stone Soup version 0.29.1 (webtiles) character file.

Game seed: 508672195155397041

249174 ragingrage the Warrior (level 18, -1/166 HPs)
             Began as a Palentonga Fighter on Sept 12, 2022.
             Was the Champion of Makhleb.
             Shot with an arrow by a deep elf knight (6 damage)
             ... on level 2 of the Elven Halls.
             The game lasted 01:02:46 (56090 turns).

ragingrage the Warrior (Palentonga Fighter)        Turns: 56090, Time: 01:02:47

Health: -1/166     AC: 32    Str: 35    XL:     18   Next: 87%
Magic:  28/28      EV: 14    Int: 11    God:    Makhleb [******]
Gold:   1577       SH: 14    Dex: 14    Spells: 13/17 levels left

rFire   + + .      SeeInvis +   a - +5 broad axe (vorpal)
rCold   + . .      Faith    .   i - +2 kite shield {AC+3}
rNeg    . . .      Spirit   .   O - +2 ring mail {rF+}
rPois   +          Reflect  .   X - +0 helmet "Rytidgh" {+Blink rF+}
rElec   .          Harm     .   C - scarf {repulsion}
rCorr   .          Rampage  .   J - +2 pair of gloves
Will    +....                   k - +2 barding {rC+}
Stlth   +.........              H - amulet "Hapnen" {RegenMP rPois Int+2}
HPRegen 0.37/turn               T - +6 ring of strength
MPRegen 0.61/turn               V - ring of Xugguapi {EV+4 Dex+4}

@: slowed, repel missiles, curled up, very slow
A: large, rugged brown scales 3, see invisible, deformed body, roll 1, armoured
tail, reflexive curl
}: 2/15 runes: barnacled, gossamer
a: Rolling Charge, Renounce Religion, Evoke Blink, Minor Destruction, Lesser
Servant of Makhleb, Major Destruction, Greater Servant of Makhleb


You were on level 2 of the Elven Halls.
You worshipped Makhleb.
Makhleb was exalted by your worship.
You visited 6 branches of the dungeon, and saw 32 of its levels.
You also visited: Ossuary, Gauntlet and Ice Cave.

You collected 3601 gold pieces.
You spent 2024 gold pieces at shops.

Inventory:

Hand Weapons
 a - a +5 vorpal broad axe (weapon)
 r - a +2 hand crossbow of freezing
 u - the +7 flail "Etesen" {spect, rF+++ rCorr Int+4}
   (You found it in a Gauntlet)

   When its wielder attacks, the weapon's spirit leaps out and strikes again.
   The spirit shares a part of any damage it takes with its wielder.
   Int:       It affects your intelligence (+4).
   rF:        It renders you almost immune to fire.
   rCorr:     It protects you from acid and corrosion.
Missiles
 t - 32 boomerangs
 w - 12 curare-tipped darts (quivered)
 y - 10 throwing nets
 E - 5 silver javelins
 R - 27 javelins
Armour
 i - a +2 kite shield of protection (worn)
 k - a +2 barding of cold resistance (worn)
 C - a scarf of repulsion (worn)
 J - a +2 pair of gloves (worn)
 O - a +2 ring mail of fire resistance (worn)
 X - the +0 helmet "Rytidgh" (worn) {+Blink rF+}
   (You found it in a Gauntlet)

   rF:        It protects you from fire.
   +Blink:    It lets you blink.
Jewellery
 z - a ring of resist corrosion
 B - a ring of protection from cold
 H - the amulet "Hapnen" (around neck) {RegenMP rPois Int+2}
   (You found it in a Gauntlet)

   [amulet of magic regeneration]

   It increases your rate of magic regeneration.
   Int:       It affects your intelligence (+2).
   rPois:     It protects you from poison.
 K - a ring of willpower
 M - a ring of positive energy
 P - a ring of poison resistance
 T - a +6 ring of strength (left hand)
 V - the ring of Xugguapi (right hand) {EV+4 Dex+4}
   (You found it in a Gauntlet)

   [ring of evasion]

   EV:        It affects your evasion (+4).
   Dex:       It affects your dexterity (+4).
Wands
 c - a wand of quicksilver (14)
 e - a wand of digging (6)
 p - a wand of mindburst (2)
 A - a wand of flame (60)
 N - a wand of paralysis (24)
 Q - a wand of roots (12)
Scrolls
 d - 4 scrolls of poison
 f - 6 scrolls of blinking
 g - 19 scrolls of teleportation
 j - 2 scrolls of silence
 l - 8 scrolls of butterflies
 n - 6 scrolls of vulnerability
 x - 2 scrolls of fear
 F - 9 scrolls of magic mapping
Potions
 h - 7 potions of mutation
 m - 4 potions of haste
 o - 3 potions of resistance
 q - 12 potions of brilliance
 s - 5 potions of lignification
 v - 7 potions of heal wounds
 D - 8 potions of attraction
 G - 12 potions of might
 I - 5 potions of magic
 S - 3 potions of invisibility
 U - a potion of cancellation
 W - 10 potions of curing
 Y - 3 potions of berserk rage
 Z - 14 potions of ambrosia
Miscellaneous
 b - a phial of floods


   Skills:
 + Level 17.9 Fighting
 - Level 17.7(18.0) Axes
 - Level 5.0(12.6) Maces & Flails
 + Level 10.2 Armour
 + Level 9.4 Dodging
 + Level 11.3 Shields
 + Level 2.1 Necromancy
 + Level 13.5 Invocations
 + Level 8.1 Evocations


You had 13 spell levels left.
You knew the following spells:

 Your Spells              Type           Power      Damage    Failure   Level
a - Animate Dead          Necr           4%         N/A       98%         4

Your spell library contained the following spells:

 Spells                   Type           Power      Damage    Failure   Level
 Apportation              Tloc           0%         N/A       63%         1
 Foxfire                  Conj/Fire      0%         2x1d4     63%         1
 Freeze                   Ice            0%         1d3       63%         1
 Magic Dart               Conj           0%         1d3       63%         1
 Slow                     Hex            0%         N/A       63%         1
 Vampiric Draining        Necr           4%         2d6       71%         3
 Blink                    Tloc           0%         N/A       77%         2
 Call Imp                 Summ           0%         N/A       77%         2
 Static Discharge         Conj/Air       0%         3-3/arc   77%         2
 Confusing Touch          Hex            0%         N/A       94%         3
 Frozen Ramparts          Ice            0%         1d1       94%         3
 Lesser Beckoning         Tloc           0%         N/A       94%         3
 Mephitic Cloud           Conj/Pois/Air  0%         N/A       94%         3
 Ozocubu's Armour         Ice            0%         N/A       94%         3
 Dispel Undead            Necr           4%         3d7       98%         4
 Ice Form                 Ice/Tmut       0%         N/A       100%        4
 Sticky Flame             Conj/Fire      0%         2d3       100%        4
 Summon Ice Beast         Ice/Summ       0%         N/A       100%        4
 Alistair's Intoxication  Tmut/Pois      0%         N/A       100%        5
 Fireball                 Conj/Fire      0%         3d3       100%        5
 Freezing Cloud           Conj/Ice/Air   0%         6-21      100%        5
 Iskenderun's Battlesphe  Conj           0%         2d6       100%        5
 Lightning Bolt           Conj/Air       0%         1d11      100%        5
 Manifold Assault         Tloc           0%         N/A       100%        5
 Metabolic Englaciation   Hex/Ice        0%         N/A       100%        5
 Conjure Ball Lightning   Conj/Air       0%         3x3d6     100%        6
 Simulacrum               Ice/Necr       1%         N/A       100%        6
 Starburst                Conj/Fire      0%         6d3       100%        6
 Haunt                    Necr/Summ      1%         N/A       100%        7
 Malign Gateway           Summ/Tloc      0%         N/A       100%        7
 Orb of Destruction       Conj           0%         9d5       100%        7
 Infestation              Necr           2%         N/A       100%        8
 Maxwell's Capacitive Co  Air            0%         ∞         100%        8
 Summon Horrible Things   Summ           0%         N/A       100%        8
 Polar Vortex             Ice            0%         N/A       100%        9


Dungeon Overview and Level Annotations

Branches:
Dungeon (15/15)            Temple (0/1) D:4            Lair (5/5) D:11
 Shoals (4/4) Lair:2       Spider (4/4) Lair:2        Slime (0/5) Lair:4
    Orc (2/2) D:11            Elf (2/3) Orc:2        Vaults (0/5) D:13
 Depths (0/4) D:15        Ossuary (visited)           IceCv (visited)
Gauntlet (visited)

Altars:
Cheibriados
Elyvilon
Fedhas
Hepliaklqana
Kikubaaqudgha
Makhleb
Ru
Xom
Zin
Jiyva

Shops:
Orc:2 *:[!

Annotations:
D:2 1 runed translucent door, Crazy Yiuf
D:5 3 runed translucent doors, exclusion: 2 downstairs, RascalDebosk's ghost, amateur MiBe
D:6 exclusion: downstairs
D:7 Dowan; Duvessa
D:10 2 runed translucent doors, Jase's ghost, journeyman PaWr
Lair:2 1 runed translucent door, Arctor's ghost, journeyman DrTm
Shoals:2 3 runed translucent doors, AtomicRavioli's ghost, adept OgFi
Spider:2 2 runed translucent doors, Anuqaetage's ghost, adept HOFi


Innate Abilities, Weirdness & Mutations

You are completely covered in rugged brown scales. (AC +3, +7% HP)
You have supernaturally acute eyesight. (SInv)
Armour fits poorly on your strangely shaped body.
You can roll at nearby foes to attack.
You have a long armoured tail.
You curl defensively after being hit. (AC +7*)


Message History

Unknown command.
Unknown command.
An air elemental comes into view.
The deep elf pyromancer casts a spell.
The deep elf pyromancer blinks!
The deep elf zephyrmancer barely misses you.
The deep elf zephyrmancer casts a spell at you.
The bolt of lightning hits you!!
The deep elf archer mumbles some strange words.
The deep elf archer blinks!
The air elemental moves out of view.
The deep elf knight attacks as you move away!
You block the deep elf knight's attack.
The air elemental fires a burst of electricity at you.
The stunning burst hits you!!
You suddenly lose the ability to move!
* * * LOW HITPOINT WARNING * * *
The deep elf knight wields a +0 shortbow.
The deep elf knight shoots an arrow.
The arrow hits you.
* * * LOW HITPOINT WARNING * * *
The deep elf archer unwields a +0 dagger.
The deep elf archer wields a +0 longbow.
The deep elf archer shoots an arrow.
The arrow hits you.
* * * LOW HITPOINT WARNING * * *
The air elemental hits you.
* * * LOW HITPOINT WARNING * * *
The deep elf pyromancer casts a spell at you.
The bolt of fire hits you but does no damage.
You resist.
The deep elf zephyrmancer casts a spell at you.
The bolt of lightning hits you!
* * * LOW HITPOINT WARNING * * *
The bolt of lightning hits you.
* * * LOW HITPOINT WARNING * * *
The bolt of lightning hits the deep elf zephyrmancer!!!
The deep elf zephyrmancer dies!
The deep elf knight shoots an arrow.
The arrow hits you!
* * * LOW HITPOINT WARNING * * *
You can move again.
You closely miss the air elemental.
You block the air elemental's attack. x2
The deep elf knight shoots an arrow.
The arrow hits you.
You die...

#### ## ...#
#.###...# #...#
.# #
#.<.##e####.#
#...#........
#..###E.)......
#.. #.@......##
#. #.#()e.##...
#. ###....# # #
#.e.......
.....######
...?.........
#..e...e.##.##.
#...e..e.# .#
....e....#


You could see a deep elf death mage, 2 deep elf archers, a deep elf knight
(fast), 2 deep elf pyromancers, an air elemental and a +3 vorpal flail.

Vanquished Creatures
  Polyphemus (Shoals:2)
  3 krakens
  Gastronok (D:8)
  Kirke (D:12)
  2 azure jellies (IceCv)
  A rockslime (IceCv)
  A frost giant (Shoals:4)
  A deep elf sorcerer (Orc:2)
  8 emperor scorpions
  6 ghost moths
  5 quicksilver oozes (IceCv)
  Nessos (Lair:3)
  A minotaur (Gauntlet)
  A dire elephant (Gauntlet)
  9 entropy weavers
  2 spark wasps
  5 merfolk impalers
  A blizzard demon (Gauntlet)
  A fire dragon (shapeshifter) (D:15)
  A great orb of eyes (D:15)
  5 merfolk javelineers
  A deep elf high priest (Orc:2)
  A vault guard (D:13)
  4 hydras
  8 boulder beetles
  A rakshasa (D:15)
  Erolcha (D:12)
  5 merfolk aquamancers
  7 centaur warriors
  An ice dragon (Lair:5)
  A catoblepas (Shoals:2)
  4 alligator snapping turtles
  4 two-headed ogres
  A radroach (Spider:4)
  4 satyrs
  5 dancing weapons (Elf:1)
  2 jorogumos
  13 death yaks
  A tengu warrior (D:14)
  Nergalle (Lair:2)
  3 deep elf knights (Elf:1)
  4 pharaoh ants
  A sun moth (Spider:4)
  11 steelbarb worms
  11 sea snakes
  4 deep elf archers (Elf:1)
  6 orb spiders
  8 orc knights
  A lindwurm (Lair:5)
  3 orange crystal statues (IceCv)
  9 harpies
  11 deep elf zephyrmancers (Elf:1)
  4 ugly things
  13 deep elf pyromancers
  3 oklob plants (D:14)
  17 wolf spiders
  An orc sorcerer (Elf:1)
  12 manticores
  An elephant (Gauntlet)
  22 fauns
  5 moths of wrath
  6 cyclopes
  9 merfolk sirens
  Maurice (D:9)
  A guardian serpent (Lair:5)
  4 water nymphs
  Joseph (D:7)
  7 black mambas
  A gargoyle (D:12)
  11 torpor snails
  9 cane toads
  Maggie (D:10)
  2 demonic crawlers
  Psyche (D:11)
  A kobold demonologist (D:8)
  A tengu conjurer (D:14)
  An anaconda simulacrum (Shoals:3)
  A rime drake (Lair:4)
  2 ice devils (Gauntlet)
  A freezing wraith (D:15)
  2 efreet
  8 komodo dragons
  4 polar bears
  19 merfolk
  2 trolls (Orc:1)
  26 hornets
  4 tyrant leeches (Lair:5)
  2 wind drakes
  4 harpy zombies
  19 blink frogs
  21 tarantellas
  26 slime creatures
  25 jumping spiders
  12 snapping turtles
  3 dire elephant simulacra (Shoals:3)
  2 shadows
  6 wraiths
  59 yaks
  A spriggan (shapeshifter) (D:15)
  7 water elementals
  13 wyverns
  21 culicivoras
  3 hogs (D:12)
  75 redbacks
  6 basilisks
  2 fire elementals
  3 steam dragons
  A minotaur simulacrum (Shoals:3)
  6 vampire mosquitoes
  3 swamp worms (Gauntlet)
  5 wargs (Orc:1)
  3 acid dragons
  21 water moccasins
  A floating eye (D:14)
  43 orc warriors
  A sky beast (D:7)
  6 black bears
  2 great orb of eyes simulacra (IceCv)
  4 ogres
  14 wolves
  A phantom (D:6)
  8 centaurs
  4 slime creature simulacra (IceCv)
  15 kobold brigands
  3 necrophages
  3 gnoll sergeants (D:11)
  9 bullfrogs
  9 scorpions
  A deep troll simulacrum (Shoals:3)
  4 glowing shapeshifter simulacra (IceCv)
  A wight (D:6)
  13 killer bees
  2 lindwurm simulacra (Shoals:3)
  9 howler monkeys
  11 jellies
  3 hounds
  A human zombie (Ossuary)
  5 iguanas
  A gnoll bouda (D:7)
  9 orc priests
  21 orc wizards
  3 mummies (Ossuary)
  14 gnolls
  3 adders
  A shadow imp (D:6)
  4 white imps
  An ufetubus (D:7)
  3 worms
  A dart slug (D:5)
  89 orcs
  6 ball pythons
  25 endoplasms
  8 giant cockroaches
  18 goblins
  7 hobgoblins
  3 jackals (D:4)
  A quokka (D:1)
  3 bats
  3 frilled lizards
  2 goblin zombies (Ossuary)
  A hobgoblin zombie (Ossuary)
  34 kobolds
  3 kobold zombies (Ossuary)
  5 rats
  3 tentacles
1192 creatures vanquished.

Vanquished Creatures (collateral kills)
  Ilsuiw (Shoals:2)
  2 entropy weavers (Spider:4)
  A sun moth (Spider:4)
  A sea snake (Shoals:3)
  3 orb spiders (Spider:4)
  3 manticores
  A faun (Shoals:3)
  An ugly thing (D:15)
  2 elephants (Gauntlet)
  A black mamba (Lair:5)
  A rime drake (Lair:5)
  2 harpy zombies (Shoals:3)
  2 merfolk
  A snapping turtle (Shoals:3)
  4 jumping spiders
  2 yaks (D:9)
  4 redbacks
  A warg (Orc:1)
  A water moccasin (Lair:5)
  An ogre (Orc:1)
  A centaur (D:9)
  An orc priest (Orc:2)
  3 orcs
  2 kobolds (D:8)
  A tentacle (Shoals:1)
43 creatures vanquished.

Vanquished Creatures (others)
  An orb spider (Spider:4)
  A deep elf zephyrmancer (Elf:2)
  A merfolk (Shoals:1)
  A yak (D:9)
  50 fungi
  167 plants
  11 tentacles
232 creatures vanquished.

Grand Total: 1467 creatures vanquished

Notes
Turn   | Place    | Note
-------+----------+-------------------------------------------
     0 | D:1      | ragingrage the Palentonga Fighter began the quest for the
                  | Orb.
     0 | D:1      | Reached XP level 1. HP: 19/19 MP: 1/1
    59 | D:1      | Found a faded altar of an unknown god.
   344 | D:1      | Reached XP level 2. HP: 18/25 MP: 2/2
   646 | D:1      | Reached XP level 3. HP: 27/31 MP: 3/3
  1758 | D:2      | Found a runed translucent door.
  1759 | D:2      | Noticed Crazy Yiuf
  2109 | D:1      | Prayed at the altar of an unknown god.
  2109 | D:1      | Became a worshipper of Makhleb the Destroyer
  2109 | D:1      | Reached * piety under Makhleb
  2403 | D:3      | Reached XP level 4. HP: 37/37 MP: 4/4
  2663 | D:3      | Reached skill level 5 in Axes
  3321 | D:4      | Reached XP level 5. HP: 36/43 MP: 5/5
  3394 | D:4      | Found a staircase to the Ecumenical Temple.
  3403 | D:4      | Reached ** piety under Makhleb
  3481 | D:4      | Found a sacrificial altar of Ru.
  3482 | D:4      | Found a white marble altar of Elyvilon.
  3483 | D:4      | Found a hazy altar of Hepliaklqana.
  3776 | D:4      | Reached XP level 6. HP: 50/50 MP: 6/6
  4413 | D:5      | Entered Level 5 of the Dungeon
  4494 | D:5      | Noticed a water moccasin
  4505 | D:5      | Killed a water moccasin
  4511 | D:5      | Gained mutation: You curl defensively after being hit. (AC
                  | +7*) [Palentonga growth]
  4511 | D:5      | Reached XP level 7. HP: 16/55 MP: 7/7
  4813 | D:5      | Found a glowing silver altar of Zin.
  4826 | D:5      | Found a runed translucent gate.
  4827 | D:5      | Found a runed translucent gate.
  4827 | D:5      | Found a runed translucent gate.
  4829 | D:5      | Noticed RascalDebosk's ghost (amateur MiBe)
  4844 | D:5      | Identified the +2 leather armour "Nuteucab" {Harm rElec rF+
                  | Str-3}
  5065 | D:5      | Found a sand-covered staircase.
  5084 | Ossuary  | Entered an ossuary
  5084 | Ossuary  | Noticed a wraith
  5084 | Ossuary  | Noticed a wraith
  5084 | Ossuary  | Noticed a wraith
  5497 | Ossuary  | Noticed a wraith
  5522 | Ossuary  | Killed a wraith
  6294 | D:5      | Reached *** piety under Makhleb
  6415 | D:6      | Reached XP level 8. HP: 34/62 MP: 8/8
  6807 | D:6      | Reached skill level 10 in Axes
  7063 | D:6      | Found a blossoming altar of Fedhas.
  7161 | D:6      | Identified the +5 war axe of Discord {vorpal, Fly Will+
                  | Int+7 SInv}
  7398 | D:7      | Reached XP level 9. HP: 60/67 MP: 9/9
  7585 | D:7      | Found a snail-covered altar of Cheibriados.
  7616 | D:7      | Noticed Joseph
  7625 | D:7      | Killed Joseph
  8032 | D:6      | HP: 2/67 [killer bee (7)]
  8346 | D:6      | Reached **** piety under Makhleb
  8644 | D:7      | Noticed Dowan
  8644 | D:7      | Noticed Duvessa
  8809 | D:8      | Noticed a two-headed ogre
  8818 | D:8      | Killed a two-headed ogre
  8819 | D:8      | Reached XP level 10. HP: 18/74 MP: 10/10
  9089 | D:8      | Noticed Gastronok
  9199 | D:8      | Killed Gastronok
  9200 | D:8      | Reached skill level 15 in Axes
  9382 | D:8      | Noticed a two-headed ogre
  9391 | D:8      | Killed a two-headed ogre
  9518 | D:8      | Noticed a smoke demon
  9521 | D:8      | Reached skill level 1 in Invocations
  9522 | D:8      | Reached skill level 1 in Maces & Flails
  9524 | D:8      | Reached skill level 1 in Dodging
 10663 | D:9      | Noticed Maurice
 10671 | D:9      | Killed Maurice
 10672 | D:9      | Reached XP level 11. HP: 78/81 MP: 12/12
 10905 | D:9      | Reached ***** piety under Makhleb
 11469 | D:10     | Entered Level 10 of the Dungeon
 11512 | D:10     | Identified the +0 robe of Vehumet's Respect {Str+3}
 12215 | D:10     | Noticed Maggie
 12225 | D:10     | Killed Maggie
 12342 | D:10     | Reached skill level 5 in Fighting
 13546 | D:10     | Found a large runed translucent door.
 13546 | D:10     | Found a large runed translucent door.
 13550 | D:10     | Noticed Jase's ghost (journeyman PaWr)
 13671 | D:11     | Reached skill level 5 in Invocations
 13894 | D:11     | Reached ****** piety under Makhleb
 14055 | D:11     | Reached XP level 12. HP: 91/93 MP: 15/15
 14152 | D:11     | Found a staircase to the Lair.
 14181 | D:11     | Reached skill level 5 in Maces & Flails
 14342 | D:11     | Reached skill level 5 in Armour
 14641 | D:11     | Noticed a boulder beetle
 14648 | D:11     | Killed a boulder beetle
 14751 | D:11     | Found a staircase to the Orcish Mines.
 15110 | D:12     | Noticed a two-headed ogre
 15113 | D:12     | Noticed Psyche
 15143 | D:11     | Killed a two-headed ogre
 15437 | D:11     | Killed Psyche
 15677 | D:12     | Noticed a six-headed hydra
 15695 | D:12     | Killed a six-headed hydra
 15868 | D:12     | Noticed Erolcha
 15883 | D:12     | Killed Erolcha
 15884 | D:12     | Reached skill level 5 in Dodging
 15900 | D:12     | Noticed Kirke
 15918 | D:12     | Killed Kirke
 16247 | Lair:1   | Entered Level 1 of the Lair of Beasts
 17911 | Lair:1   | Reached XP level 13. HP: 104/104 MP: 19/19
 18463 | Lair:2   | Noticed Nergalle
 18525 | Lair:2   | Identified a scroll of acquirement
 18525 | Lair:2   | Acquired a +2 kite shield of protection
 18629 | Lair:2   | Killed Nergalle
 18645 | Lair:2   | Found a runed translucent door.
 18658 | Lair:2   | Found a hole to the Spider Nest.
 19165 | Lair:2   | Found a staircase to the Shoals.
 19878 | Lair:2   | Noticed Arctor's ghost (journeyman DrTm)
 20051 | Lair:3   | Identified the +6 mace of Harmony {elec, rN+ Str+3}
 20584 | Lair:3   | Noticed Nessos
 20589 | Lair:3   | Killed Nessos
 20597 | Lair:3   | Identified the +6 plate armour "Uhysefof" {+Inv rCorr
                  | Slay-5}
 21012 | Lair:4   | Reached skill level 10 in Fighting
 21040 | Lair:4   | Found a viscous altar of Jiyva.
 21041 | Lair:4   | Found a staircase to the Slime Pits.
 21811 | Lair:5   | Entered Level 5 of the Lair of Beasts
 22173 | Lair:4   | Reached XP level 14. HP: 43/120 MP: 20/20
 23064 | Lair:5   | Found a runed translucent door.
 23993 | Lair:5   | Reached skill level 10 in Armour
 25025 | Orc:1    | Entered Level 1 of the Orcish Mines
 25284 | Orc:1    | Reached skill level 10 in Invocations
 25437 | Orc:1    | Reached skill level 1 in Evocations
 25789 | Orc:1    | You are sucked into a shaft and drop 1 floor!
 25789 | Orc:2    | Entered Level 2 of the Orcish Mines
 25789 | Orc:2    | Found a staircase to the Elven Halls.
 25792 | Orc:2    | Found Varchawk's Book Emporium.
 25991 | Orc:1    | Reached skill level 5 in Shields
 27367 | Orc:2    | Found Seckaese's General Store.
 27418 | Orc:2    | Found Ceitus's Book Boutique.
 27573 | Orc:2    | Found Bekiwe's Armour Shoppe.
 27573 | Orc:2    | Found Ycepnim's Distillery.
 28191 | Orc:2    | Bought a potion of mutation for 104 gold pieces
 28191 | Orc:2    | Bought a potion of mutation for 104 gold pieces
 28191 | Orc:2    | Bought a potion of curing for 39 gold pieces
 28191 | Orc:2    | Bought a potion of haste for 130 gold pieces
 28191 | Orc:2    | Bought a potion of berserk rage for 65 gold pieces
 28191 | Orc:2    | Bought a potion of curing for 39 gold pieces
 28191 | Orc:2    | Bought a potion of curing for 39 gold pieces
 28191 | Orc:2    | Bought a potion of ambrosia for 104 gold pieces
 28222 | Orc:2    | Bought a scroll of teleportation for 42 gold pieces
 28222 | Orc:2    | Bought a scroll of acquirement for 728 gold pieces
 28222 | Orc:2    | Bought a potion of heal wounds for 70 gold pieces
 28222 | Orc:2    | Bought a phial of floods for 560 gold pieces
 28222 | Orc:2    | Acquired a +4 ring of evasion
 28308 | D:13     | Reached XP level 15. HP: 125/130 MP: 22/22
 28631 | D:13     | Found a gate to the Vaults.
 30306 | D:15     | Entered Level 15 of the Dungeon
 30615 | D:15     | Found a gate leading to a gauntlet.
 30631 | Gauntlet | Entered a Gauntlet
 30631 | Gauntlet | Found a transporter.
 30631 | Gauntlet | Found a transporter.
 30633 | Gauntlet | Found a transporter.
 30644 | Gauntlet | Found a transporter.
 30664 | Gauntlet | Found a transporter.
 30667 | Gauntlet | Found a transporter.
 30667 | Gauntlet | Found a transporter.
 30668 | Gauntlet | Found a transporter.
 30682 | Gauntlet | Found a transporter.
 30698 | Gauntlet | Found a transporter.
 30708 | Gauntlet | Found a transporter.
 30725 | Gauntlet | Found a transporter.
 30745 | Gauntlet | Found a transporter.
 30758 | Gauntlet | Found a transporter.
 30982 | Gauntlet | Identified the amulet "Hapnen" {RegenMP rPois Int+2}
 30984 | Gauntlet | Identified the ring of Xugguapi {EV+4 Dex+4}
 31101 | Gauntlet | Identified the +0 helmet "Rytidgh" {+Blink rF+}
 31153 | Gauntlet | Identified the +7 flail "Etesen" {spect, rF+++ rCorr Int+4}
 31363 | D:15     | Found a shimmering altar of Xom.
 32384 | D:15     | Found a staircase to the Depths.
 32815 | Spider:1 | Entered Level 1 of the Spider Nest
 34212 | Spider:1 | Reached skill level 5 in Evocations
 34278 | Spider:1 | Reached XP level 16. HP: 34/134 MP: 24/24
 35809 | Spider:2 | Found a large runed translucent door.
 35809 | Spider:2 | Found a large runed translucent door.
 35810 | Spider:2 | Noticed Anuqaetage's ghost (adept HOFi)
 38209 | Spider:3 | Identified the +7 trident of Truncation {vorpal, Drain MP+9
                  | Str+7 Dex-2}
 40090 | Spider:4 | Entered Level 4 of the Spider Nest
 40407 | Spider:4 | Identified the +1 morningstar "Weuhu" {holy, rElec Will+++
                  | MP-9 Int+2}
 40975 | Spider:4 | Reached XP level 17. HP: 63/149 MP: 26/26
 41827 | Spider:4 | Reached skill level 15 in Fighting
 42198 | Spider:4 | Reached skill level 10 in Shields
 43223 | Spider:4 | Got a gossamer rune of Zot
 43474 | Shoals:1 | Entered Level 1 of the Shoals
 43825 | Shoals:1 | You are sucked into a shaft and drop 1 floor!
 43897 | Shoals:2 | Noticed Polyphemus
 43914 | Shoals:2 | Killed Polyphemus
 44450 | Shoals:1 | Noticed a kraken
 44457 | Shoals:1 | Killed a kraken
 45689 | Shoals:2 | Noticed AtomicRavioli's ghost (adept OgFi)
 45689 | Shoals:2 | Found a runed translucent gate.
 45689 | Shoals:2 | Found a runed translucent gate.
 45689 | Shoals:2 | Found a runed translucent gate.
 45949 | Shoals:2 | Identified the +3 sling "Naokly" {venom, Will+++ Str-5
                  | Dex+5}
 46191 | Shoals:2 | Noticed Ilsuiw
 46230 | Shoals:2 | Killed Ilsuiw
 46515 | Shoals:2 | Noticed a kraken
 46526 | Shoals:2 | Killed a kraken
 47567 | Shoals:3 | Found a frozen archway.
 47585 | IceCv    | Entered an ice cave
 47867 | IceCv    | Reached XP level 18. HP: 165/165 MP: 11/27
 47939 | IceCv    | Found a viscous altar of Jiyva.
 50410 | Shoals:4 | Entered Level 4 of the Shoals
 53239 | Shoals:4 | Got a barnacled rune of Zot
 53354 | Shoals:4 | Learned a level 4 spell: Animate Dead
 53429 | Shoals:4 | Got Huijehitysm's Precepts of the Impact and Cold
 53889 | Elf:1    | Entered Level 1 of the Elven Halls
 54401 | Elf:1    | Reached skill level 1 in Necromancy
 54512 | Elf:1    | Found an ancient bone altar of Kikubaaqudgha.
 56089 | Elf:2    | Paralysed by an air elemental for 1 turns
 56089 | Elf:2    | HP: 5/166 [deep elf knight/arrow (10)]
 56090 | Elf:2    | Shot with an arrow by a deep elf knight

Illustrated notes

Levels and vault maps discovered:
D:1:      roderic_chinese_lattice_arrival, layout_loops_ring,
          shapermc_ecumenical_altar_acropolis, hex_tiny, minmay_3d_cube
D:2:      layout_basic, uniq_crazy_yiuf_cottage
D:3:      corexii_shack_village, layout_basic, kennysheep_decorative_pillar,
          minmay_misc_feat_tower
D:4:      layout_loops_ring, grunt_temple_overflow_open,
          minmay_temple_entry_from_below_b
D:5:      layout_loops_ring, kennysheep_mini, ebering_ghost_rock_garden,
          nicolae_ossuary_entry_false_entrances
D:6:      layout_gridville, minmay_ruined_shrine
D:7:      layout_rooms, kennysheep_little_box, chequers_serial_rivers_micro_b,
          hangedman_minor_gate_pass, uniq_duvessa, uniq_joseph
D:8:      layout_basic, special_room [special_room_kobold], uniq_gastronok
D:9:      layout_cave_pods, minmay_misc_feat_secret_circle, uniq_maurice
D:10:     layout_stronghold, ebering_ghost_disaster_area,
          lightli_fourway_metalbox, uniq_maggie
D:11:     layout_basic, minmay_lair_entry_grove
D:12:     layout_rooms, uniq_kirke, uniq_erolcha, uniq_psyche
D:13:     layout_rooms, david_vaults_5
D:14:     layout_roguey, minivault_27, disabler_island
D:15:     gammafunk_enter_depths_forms, layout_layer_cave, xom_teletrap_fun,
          gauntlet_entry_generic, small_statue_alley_a
Lair:1:   lemuel_slime, layout_regular_city, serial_rivers,
          chequers_serial_rivers_small_b, chequers_serial_rivers_micro_e,
          chequers_serial_rivers_large_b, chequers_serial_rivers_micro_c,
          chequers_serial_rivers_small_b, chequers_serial_rivers_marsh
Lair:2:   layout_cave_pods, minmay_shoals_entry_hut,
          nicolae_spider_entry_non_spiders, ebering_ghost_reflecting_pool,
          grunt_megastairs_2, uniq_nergalle
Lair:3:   layout_chaotic_city, lemuel_fruit_tree, uniq_nessos
Lair:4:   layout_cave_pods, nicolae_slime_entry_slimehenge, st_stairs_7,
          nzn_sisyphean_effort, lemuel_fruit_fields
Lair:5:   hangedman_lair_tendril_chambers, layout_loops_ring, wormcave,
          chequers_serial_rivers_micro_c, infiniplex_staircase_pool_2
Shoals:1: layout_shoals, nicolae_shoals_goliath_grotto
Shoals:2: layout_shoals, gammafunk_ghost_necromancy, uniq_ilsuiw,
          uniq_polyphemus
Shoals:3: layout_shoals, portal_ice_cave_entry_ice_simulacra,
          nicolae_shoals_undead_eyrie
Shoals:4: shoals_end_grunt_ice, layout_shoals, nicolae_splish_splash
Spider:1: layout_spider_delve
Spider:2: layout_chambers, ebering_ghost_disaster_area
Spider:3: spiders_nest_scorpion_pit, drop_trap
Spider:4: spider_rune_water, spiders_nest_ghost_moth_duel
Orc:1:    layout_caves
Orc:2:    st_orc_town, layout_caves, serial_shops, shop, nicolae_orc_lost_temple
Elf:1:    eino_elf_arrival_the_gate, layout_gridlike, basic_altar, minivault_28,
          nicolae_concentric_dashed_squares_wild, lemuel_upstairs_altar
Elf:2:    elven_hall_of_blades_hangedman_original [nicolae_blade_lattice],
          layout_loops_cross

Skill      XL: |  1  2  3  4  5  6  7  8  9 10 11 12 13 14 15 16 17 18 |
---------------+-------------------------------------------------------+-----
Axes           | 3 4 5 6 7 9 11 14 16 17 | 17.7
Invocations    | 2 5 8 10 11 12 13 | 13.5
Maces & Flails | 2 4 5 |  5.0
Dodging        | 1 4 5 6 7 8 9 |  9.4
Armour         | 3 4 6 9 10 | 10.2
Fighting       | 5 8 11 12 13 14 17 | 17.9
Shields        | 5 7 9 10 11 | 11.3
Evocations     | 2 5 6 8 |  8.1
Necromancy     | 2 |  2.1

Action                   |  1- 3 |  4- 6 |  7- 9 | 10-12 | 13-15 | 16-18 || total
-------------------------+-------+-------+-------+-------+-------+-------++-------
Melee: War axe           |   118 |   115 |   280 |   281 |  1208 |  1568 ||  3570
       Tailslap          |    10 |    14 |    33 |   107 |   218 |   323 ||   705
       Hand axe          |       |       |     1 |   321 |    51 |       ||   373
       Spear             |       |       |       |    13 |    12 |       ||    25
       Mace              |       |       |       |       |     6 |       ||     6
       Broad axe         |       |       |       |       |       |    49 ||    49
Throw: Boomerang         |       |       |     6 |       |       |       ||     6
       Dart              |       |       |     8 |    20 |     4 |    16 ||    48
Invok: Minor Destruction |       |     1 |       |       |       |    34 ||    35
       Lesser Servant of |       |       |     1 |     3 |     6 |     8 ||    18
       Major Destruction |       |       |       |     1 |     1 |     1 ||     3
       Greater Servant o |       |       |       |       |     3 |     6 ||     9
 Abil: Rolling Charge    |    15 |     8 |    24 |    28 |   100 |   123 ||   298
Evoke: Wand              |       |       |       |     1 |     5 |    15 ||    21
       Phial of floods   |       |       |       |       |       |     1 ||     1
  Use: Potion            |       |     3 |    10 |     5 |       |     6 ||    24
       Scroll            |       |       |       |    11 |    12 |    15 ||    38
 Stab: Invisible         |       |     1 |       |       |       |       ||     1
       Paralysed         |       |       |       |     4 |     3 |       ||     7
       Distracted        |       |       |       |       |     2 |     2 ||     4
Armor: Scale mail        |    61 |    42 |   142 |     2 |       |       ||   247
       Skin              |       |     3 |    21 |    24 |       |       ||    48
       Leather armour    |       |       |     1 |       |       |       ||     1
       Ring mail         |       |       |       |   235 |   648 |   772 ||  1655
       Acid dragon scale |       |       |       |       |     1 |       ||     1
Dodge: Dodged            |    37 |    37 |    93 |   202 |   386 |   767 ||  1522
       Repelled          |       |       |       |       |       |    13 ||    13
Block: Buckler           |    12 |    13 |    48 |    70 |     3 |       ||   146
       Kite shield       |       |       |       |       |   631 |  1080 ||  1711
